AoeStats
← Fenium

Black Forest

509579752Analyzed
4v4 RM · 3d ago on Sep 27, 2026· 51m 46s· 8 players
Game mode
Random Map
Map size
Large (8 player)
Population
200
Speed
Normal
Resources
Standard
Victory
Conquest
Starting age
Dark Age
Ending age
Imperial Age
RankedLock teamsTeams togetherTeam positionsShared explorationLock speedFull tech treeHidden civsTurbo modeCheats
Victory
Defeat
🇪🇸 Byzantines · Spain
1080
+13
🇪🇸 Persians · Spain
1027
+16
🇹🇷 Khmer · Türkiye
1015
+16
🇸🇪 Italians · Sweden
999
+17
🇲🇽 Spanish · Mexico
1072
-18
🇨🇴 Varangians · Colombia
1048
-17
🇦🇺 Burmese · Australia
1010
-15
🇦🇺 Franks · Australia
945
-12
gädda
5:04 Loom
13:11 Feudal Age
14:31 Double-Bit Axe
14:28 Horse Collar
18:40 Castle Age
18:45 Gold Mining
18:45 Stone Mining
24:26 Silk Road
26:41 Heavy Plow
26:56 Bow Saw
27:26 Stone Shaft Mining
32:23 Imperial Age
30:31 Wheelbarrow
30:38 Padded Archer Armor
30:28 Fletching
31:00 Caravan
31:50 Hand Cart
31:21 Town Watch
33:22 Ballistics
34:05 Chemistry
32:48 Treadmill Crane
32:32 Elite Genoese Crossbowman
33:33 Conscription
33:37 Bodkin Arrow
33:57 Leather Archer Armor
33:33 Arson
33:48 Squires
35:44 Thumb Ring
36:11 Town Patrol
36:54 Ring Archer Armor
36:30 Bracer
39:33 Forging
39:23 Scale Mail Armor
50:01 Iron Casting
49:41 Chain Mail Armor
Fenium
0:40 Loom
14:20 Feudal Age
19:20 Castle Age
17:50 Double-Bit Axe
17:47 Horse Collar
18:03 Stone Mining
20:52 Gold Mining
21:15 Bow Saw
20:48 Horse Collar
22:32 Ballistics
22:20 Town Watch
25:54 Heavy Plow
27:19 Wheelbarrow
30:09 Fortified Wall
30:29 Caravan
30:52 Tusk Swords
32:26 Forging
34:57 Imperial Age
33:03 Scale Barding Armor
34:02 Iron Casting
34:02 Hand Cart
34:16 Husbandry
34:28 Bloodlines
36:48 Blast Furnace
36:09 Chain Barding Armor
36:14 Conscription
36:43 Crop Rotation
37:07 Gold Shaft Mining
37:56 Chemistry
36:56 Heavy Scorpion
38:24 Double Crossbow
41:05 Elite Battle Elephant
45:44 Plate Barding Armor
49:39 Light Cavalry
51:54 Fletching
52:07 Scale Mail Armor
52:08 Padded Archer Armor
52:17 Siege Engineers
ImFriendly
11:20 Feudal Age
15:02 Castle Age
13:11 Horse Collar
13:30 Double-Bit Axe
13:38 Horse Collar
15:58 Heavy Plow
16:17 Bow Saw
18:05 Loom
20:34 Gold Mining
22:09 Gold Shaft Mining
27:38 Imperial Age
26:50 Wheelbarrow
26:01 Town Watch
27:12 Husbandry
27:23 Bloodlines
27:20 Scale Barding Armor
27:26 Forging
27:22 Cavalier
28:14 Caravan
28:25 Guilds
29:07 Chain Barding Armor
29:04 Stone Mining
30:59 Plate Barding Armor
31:00 Iron Casting
31:40 Two-Man Saw
30:51 Savar
32:20 Crop Rotation
33:19 Hand Cart
34:15 Blast Furnace
34:32 Stone Shaft Mining
37:14 Coinage
36:44 Fletching
50:00 Conscription
Mameluco adbuser
0:27 Loom
13:08 Feudal Age
19:48 Castle Age
17:52 Double-Bit Axe
21:12 Bow Saw
20:44 Horse Collar
22:08 Fletching
29:49 Stone Mining
30:40 Wheelbarrow
33:05 Imperial Age
30:43 Heavy Plow
30:57 Bodkin Arrow
31:46 Padded Archer Armor
32:09 Ballistics
32:04 Forging
31:55 Scale Mail Armor
32:06 Squires
32:55 Leather Archer Armor
32:26 Pikeman
33:01 Gambesons
34:57 Chemistry
35:42 Two-Man Saw
35:19 Crop Rotation
35:35 Iron Casting
35:21 Chain Mail Armor
36:57 Plate Mail Armor
36:38 Bracer
36:29 Elite Skirmisher
37:45 Ring Archer Armor
37:27 Murder Holes
38:06 Stone Mining
38:07 Gold Mining
39:09 Caravan
39:03 Halberdier
39:48 Arson
40:45 Hand Cart
40:12 Treadmill Crane
40:52 Bombard Tower
40:50 Thumb Ring
41:11 Guilds
43:26 Coinage
46:40 Banking
48:35 Conscription
49:56 Elite Varangian Guard
Borzak4113
0:36 Loom
13:51 Feudal Age
18:05 Wheelbarrow
19:57 Wheelbarrow
23:22 Castle Age
21:28 Double-Bit Axe
22:25 Horse Collar
22:41 Stone Mining
22:43 Gold Mining
24:35 Caravan
25:23 Stone Shaft Mining
24:45 Fletching
26:09 Bow Saw
26:02 Heavy Plow
30:04 Padded Archer Armor
37:20 Imperial Age
34:41 Town Watch
35:52 Ballistics
36:21 Hand Cart
36:39 Masonry
36:54 Fortified Wall
39:00 Conscription
38:42 Bodkin Arrow
41:12 Bracer
41:28 Leather Archer Armor
43:19 Squires
43:06 Gambesons
43:06 Arson
42:42 Pikeman
43:25 Scale Mail Armor
43:36 Forging
43:41 Halberdier
45:37 Two-Man Saw
45:49 Chain Mail Armor
46:10 Iron Casting
45:40 Scale Barding Armor
46:06 Ring Archer Armor
46:16 Husbandry
46:26 Bloodlines
45:42 Cavalier
47:18 Paladin
48:51 Plate Mail Armor
50:27 Blast Furnace
49:48 Chain Barding Armor
TheHam
1:12 Loom
12:33 Feudal Age
17:22 Castle Age
16:23 Double-Bit Axe
17:06 Stone Mining
19:54 Town Watch
24:47 Wheelbarrow
24:53 Fletching
25:52 Gold Mining
27:10 Hand Cart
31:28 Imperial Age
30:34 Town Patrol
30:38 Bodkin Arrow
30:53 Forging
31:03 Scale Barding Armor
31:21 Ballistics
31:53 Gold Shaft Mining
31:25 Husbandry
32:29 Bow Saw
33:24 Chemistry
32:01 Cavalier
33:31 Fortified Wall
33:33 Masonry
33:46 Murder Holes
33:57 Siege Engineers
34:08 Caravan
34:53 Paladin
36:11 Iron Casting
35:57 Chain Barding Armor
36:35 Architecture
36:11 Chivalry
36:31 Conscription
36:04 Pikeman
36:44 Squires
39:58 Blast Furnace
39:50 Plate Barding Armor
39:16 Scale Mail Armor
rubendariod01
3:12 Loom
10:25 Feudal Age
11:36 Double-Bit Axe
15:15 Castle Age
13:37 Horse Collar
14:43 Gold Mining
23:06 Wheelbarrow
23:03 Stone Mining
24:43 Heavy Plow
25:46 Hand Cart
26:20 Bow Saw
27:21 Scale Barding Armor
27:27 Forging
31:50 Imperial Age
29:52 Scale Mail Armor
30:53 Gambesons
31:09 Squires
32:31 Chain Barding Armor
32:27 Chain Mail Armor
32:48 Iron Casting
32:03 Fletching
32:14 Padded Archer Armor
32:11 Town Watch
33:13 Conscription
32:21 Elite Varangian Guard
33:56 Town Patrol
34:35 Stone Shaft Mining
34:12 Caravan
35:48 Plate Mail Armor
35:54 Plate Barding Armor
36:09 Pikeman
37:03 Arson
37:21 Bodkin Arrow
38:27 Blast Furnace
37:18 Vendel Legacy
38:24 Halberdier
38:41 Elite Jarl
38:59 Gothikon
40:43 Man-at-Arms
42:47 Chemistry
42:08 Ballistics
41:54 Siege Engineers
41:59 Masonry
44:19 Two-Man Saw
43:52 Crop Rotation
43:38 Onager
domiknocker
1:40 Loom
14:50 Feudal Age
21:12 Gold Mining
24:32 Castle Age
24:02 Horse Collar
24:58 Scale Barding Armor
25:05 Forging
25:58 Heavy Plow
26:21 Husbandry
26:34 Bloodlines
28:48 Gold Shaft Mining
32:32 Wheelbarrow
35:15 Imperial Age
34:17 Chain Barding Armor
36:16 Fortified Wall
36:03 Murder Holes
36:45 Conscription
37:02 Hand Cart
38:23 Chemistry
38:29 Fletching
40:38 Plate Barding Armor
40:38 Bodkin Arrow
42:23 Ballistics
42:05 Bracer
42:05 Padded Archer Armor
41:57 Crossbowman
50:04 Elite Skirmisher
Connection lost

Rejoining the realm…

Still unreachable

The connection could not be restored.

Session expired

The server has moved on; the page needs a fresh start.